 Dungeon Crawl Stone Soup version 0.31-a0-221-gbddc013574 (webtiles) character file.

Game seed: 13560702265740624055

113 qw the Shooter (level 4, -1/36 HPs)
             Began as a Minotaur Hexslinger on July 3, 2023.
             Slain by an orc
             ... wielding a +0 flail
              (7 damage)
             ... on level 3 of the Dungeon.
             The game lasted 00:00:44 (1470 turns).

qw the Shooter (Minotaur Hexslinger)                Turns: 1470, Time: 00:00:45

Health: -1/36      AC:  6    Str: 12    XL:     4   Next: 65%
Magic:  4/4        EV: 11    Int: 10    God:
Gold:   136        SH:  0    Dex: 21    Spells: 4/5 levels left

rFire   . . .        Y - +1 sling
rCold   . . .        (no shield)
rNeg    . . .        a - +0 ring mail
rPois   .            (helmet restricted)
rElec   .            (no cloak)
rCorr   .            (no gloves)
SInv    .            d - +0 pair of boots
Will    .....        (no amulet)
Stlth   +            h - +6 ring of dexterity
HPRegen 0.26/turn    (no ring)
MPRegen 0.09/turn

%: no passive effects
@: about to teleport
A: horns 2, retaliatory headbutt
a: no special abilities


You were on level 3 of the Dungeon.
You visited 1 branch of the dungeon, and saw 3 of its levels.

You collected 136 gold pieces.


Innate Abilities, Weirdness & Mutations

You have a pair of horns on your head.
You reflexively headbutt those who attack you in melee.


   Skills:
 + Level 2.2 Fighting
 - Level 5.0 Ranged Weapons
 - Level 1.0 Armour
 - Level 2.1 Dodging
 - Level 1.0 Spellcasting
 - Level 2.0 Hexes


You had 4 spell levels left.
You knew the following spells:

 Your Spells              Type           Power      Damage    Failure   Level
a - Slow                  Hex            16%        N/A       34%         1

Your spell library contained the following spells:

 Spells                   Type           Power      Damage    Failure   Level
 Inner Flame              Hex/Fire       2%         N/A       83%         3
 Portal Projectile        Hex/Tloc       4%         N/A       83%         3
 Cause Fear               Hex            2%         N/A       98%         4

Inventory:

Hand Weapons
 Y - a +1 sling (weapon)
Armour
 a - a +0 ring mail (worn)
 d - a +0 pair of boots (worn)
Jewellery
 h - a +6 ring of dexterity (left hand)
Potions
 b - 2 potions of mutation {unknown}
 i - a potion of enlightenment {unknown}

Dungeon Overview and Level Annotations

Branches:
Dungeon (3/15)

Altars:

Annotations:
D:3 1 runed translucent door, qw's ghost, weakling GrFi


Message History

Enter note:
Enter note: You shoot a sling bullet.
The orc shouts!
The sling bullet hits the orc.
The orc is moderately wounded.
You shoot a sling bullet. The sling bullet hits the orc.
The orc is heavily wounded.
You shoot a sling bullet. The sling bullet hits the orc.
The orc is almost dead.
You shoot a sling bullet.
The sling bullet closely misses the orc.
The sling bullet hits the orc wizard but does no damage.
The orc hits you but does no damage.
You shoot a sling bullet.
The sling bullet closely misses the orc.
The orc hits you with a +0 dagger.
You shoot a sling bullet. The sling bullet hits the orc.
You kill the orc!
The orc wizard hits you but does no damage.
The orc wizard hits you with a +0 dagger.
The orc hits you but does no damage.
Your Armour skill increases to level 1!
You shoot a sling bullet. The sling bullet hits the orc wizard.
The orc wizard is moderately wounded.
The orc wizard points at you and mumbles some strange words.
The puff of flame hits you! The orc hits you with a +0 flail!
You shoot a sling bullet.
The sling bullet barely misses the orc wizard.
The orc wizard gestures at you while chanting.
The puff of flame hits you! The orc closely misses you.
1469 ||| READING scroll of teleportation.
As you read the scroll of teleportation, it crumbles to dust.
You feel strangely unstable. The orc wizard closely misses you.
The orc hits you with a +0 flail.
You shoot a sling bullet. The sling bullet hits the orc wizard.
The orc wizard is severely wounded.
The orc wizard hits you but does no damage.
The orc hits you with a +0 flail!
You die...

..# ..# ..# :.# ..#
..#
#################o.#
................@o.#
...##############.##
...'....... .#
...######## .# ...#
.# ...# .. ...# .#
...# .# ..#######


You could see an orc wizard and an orc.

Vanquished Creatures
  4 adders (D:2)
  2 worms (D:2)
  4 dart slugs
  3 orcs (D:3)
  7 bats
  A bat skeleton (D:2)
  3 bat zombies (D:2)
  9 endoplasms
  4 goblins
  3 hobgoblins
  4 kobolds
  A quokka (D:2)
  4 ball pythons
  A ball python skeleton (D:2)
  2 frilled lizards
  A jackal skeleton (D:2)
  A quokka skeleton (D:2)
  5 rats
59 creatures vanquished.

Notes
Turn   | Place    | Note
-------+----------+-------------------------------------------
     0 | D:1      | qw the Minotaur Hexslinger began the quest for the Orb.
     0 | D:1      | Reached XP level 1. HP: 16/16 MP: 1/1
     0 | D:1      | 0 ||| qw: Version: 0.3-a-40-ge99b1a8
     0 | D:1      | 0 ||| qw: Game counter: 563
     0 | D:1      | 0 ||| qw: Melee chars always use a shield: true
     0 | D:1      | 0 ||| qw: God list: Okawaru
     0 | D:1      | 0 ||| qw: Allow faded altars: false
     0 | D:1      | 0 ||| qw: Do Orc after clearing Dungeon:15 true
     0 | D:1      | 0 ||| qw: Do second Lair branch before Depths: true
     0 | D:1      | 0 ||| qw: Lair rune preference: random
     0 | D:1      | 0 ||| qw: Goals: Normal
     0 | D:1      | 0 ||| PLANNING D:1-11
    92 | D:1      | Reached skill level 3 in Ranged Weapons
    98 | D:1      | Reached XP level 2. HP: 23/23 MP: 2/2
   243 | D:1      | Found a faded altar of an unknown god.
   261 | D:1      | Found a faded altar of an unknown god.
   567 | D:1      | 567 ||| UPGRADING to +0 pair of boots.
   572 | D:1      | 572 ||| UPGRADING to +0 leather armour.
   582 | D:1      | 582 ||| DROPPING +0 robe.
   583 | D:1      | 583 ||| UPGRADING to +6 ring of dexterity.
   584 | D:1      | 584 ||| READING scroll labelled LOCHEUSELA.
   585 | D:1      | 585 ||| READING scroll labelled POTRY CECEGG.
   588 | D:1      | 588 ||| READING scroll labelled GOHOAF YGACE.
   589 | D:1      | 589 ||| DROPPING scroll of poison.
   600 | D:2      | Reached XP level 3. HP: 29/29 MP: 3/3
   611 | D:2      | HP: 4/29 [worm (8)]
   717 | D:2      | You fall into a shaft and drop 1 floor!
   722 | D:3      | Reached skill level 4 in Ranged Weapons
   797 | D:2      | Reached XP level 4. HP: 36/36 MP: 4/4
  1004 | D:2      | Reached skill level 5 in Ranged Weapons
  1050 | D:2      | 1050 ||| FLEEEEING.
  1051 | D:2      | 1051 ||| FLEEEEING.
  1070 | D:2      | 1070 ||| FLEEEEING.
  1071 | D:2      | 1071 ||| FLEEEEING.
  1073 | D:2      | 1073 ||| STAIRDANCE
  1087 | D:1      | 1087 ||| READING scroll labelled CIVIFO OPIUMIN.
  1088 | D:1      | 1088 ||| READING scroll labelled FIDGHY AKEIKUDGH.
  1089 | D:1      | 1089 ||| READING scroll labelled OLOT YMNAGU.
  1092 | D:2      | 1092 ||| STAIRDANCE
  1245 | D:2      | 1245 ||| UPGRADING to +0 ring mail.
  1255 | D:2      | 1255 ||| DROPPING +0 leather armour.
  1384 | D:3      | Found a runed translucent door.
  1384 | D:3      | Noticed qw's ghost (weakling GrFi)
  1467 | D:3      | Reached skill level 1 in Armour
  1468 | D:3      | HP: 8/36 [orc wizard/puff of flame (8)]
  1469 | D:3      | 1469 ||| READING scroll of teleportation.
  1470 | D:3      | Slain by an orc

Levels and vault maps discovered:
D:1:      psy_arrival_heroes, layout_basic,
          hellmonk_ecumenical_altar_the_god_not_taken, minmay_door_square
D:2:      layout_rooms, serial_undead, serial_undead_f, serial_undead_c,
          serial_undead_a, serial_undead_c, minmay_tetromino_l2
D:3:      layout_basic, hellmonk_ghost_happy_afterlife, minmay_misc_feat_rugged

Skill      XL: |  1  2  3  4 |
---------------+-------------+-----
Ranged Weapons | 3 4 5 |  5.0
Fighting       | 2 |  2.2
Armour         | 1 |  1.0
Dodging        | |  2.1
Spellcasting   | |  1.0
Hexes          | |  2.0

Action                     |  1- 3 |  4- 6 || total
---------------------------+-------+-------++-------
   Fire: Sling             |   104 |    64 ||   168
    Use: Scroll            |     3 |     4 ||     7
 Armour: Robe              |     3 |       ||     3
         Leather armour    |     8 |     3 ||    11
         Ring mail         |       |     4 ||     4
  Dodge: Dodged            |    29 |    19 ||    48

Table legend:
 A = Non-vault XP
 B = Vault XP
 C = Vault XP percentage of total XP
 D = Non-vault monster count
 E = Vault monster count
 F = Vault count percentage of total count
                 A         B        C        D         E       F
            +---------+---------+-------+---------+---------+-------
      Total |     144 |      18 |  11.1 |      50 |       9 |  15.3
            +---------+---------+-------+---------+---------+-------
        D:1 |      40 |       0 |   0.0 |      21 |       0 |   0.0
        D:2 |      87 |      18 |  17.1 |      20 |       9 |  31.0
        D:3 |      17 |       0 |   0.0 |       9 |       0 |   0.0
            +---------+---------+-------+---------+---------+-------
